[Event "Late-Titled-Tuesday-Blitz-July-09-2024"]
[Site "Chess.com"]
[Date "2024.07.09"]
[Round "6"]
[White "simaopdias"]
[Black "GoodOldBell"]
[Result "0-1"]
[WhiteElo "2192"]
[BlackElo "2379"]
[TimeControl "180+1"]
[EndTime "15:02:04 PDT"]
[Termination "GoodOldBell won by resignation"]

1. e4 e5 2. Nf3 Nc6 3. Bc4 Bc5 4. c3 Nf6 5. d3 d6 6. Bb3 O-O 7. Nbd2 a5 8. a4 Re8 9. O-O Be6 10. h3 h6 11. Re1 d5 12. Qe2 Qd6 13. exd5 Bxd5 14. Nc4 Bxc4 15. Bxc4 e4 16. dxe4 Rxe4 17. Qf1 Bxf2+ 18.
Qxf2 Rxc4 19. Be3 Re4 20. Bc5 Qd5 21. Rad1 Rxe1+ 22. Nxe1 Qxd1 0-1

[Event "Late-Titled-Tuesday-Blitz-July-09-2024"]
[Site "Chess.com"]
[Date "2024.07.09"]
[Round "6"]
[White "klercaku"]
[Black "miraitrunks"]
[Result "1-0"]
[WhiteElo "2383"]
[BlackElo "2027"]
[TimeControl "180+1"]
[EndTime "15:02:14 PDT"]
[Termination "klercaku won by resignation"]

1. e4 c5 2. Nf3 Nc6 3. d4 cxd4 4. Nxd4 g6 5. Nc3 Bg7 6. Be3 Nf6 7. Be2 O-O 8. O-O d5 9. exd5 Nxd5 10. Nxc6 bxc6 11. Nxd5 cxd5 12. c3 e5 13. Qd2 Be6 14.
Rfd1 Qa5 15. a4 Rfd8 16. b4 Qc7 17. Bc5 d4 18. cxd4 exd4 19. Rac1 Qe5 20. Bf3 Rac8 21. a5 Rd7 22. a6 Bd5 23. Bxd4 Qe6 24. Rxc8+ 1-0

[Event "Late-Titled-Tuesday-Blitz-July-09-2024"]
[Site "Chess.com"]
[Date "2024.07.09"]
[Round "6"]
[White "AlejandroArias"]
[Black "boguszp"]
[Result "1-0"]
[WhiteElo "2323"]
[BlackElo "1963"]
[TimeControl "180+1"]
[EndTime "15:02:14 PDT"]
[Termination "AlejandroArias won on time"]

1. e4 c6 2. d4 d5 3. exd5 cxd5 4.
Bd3 Nc6 5. c3 Nf6 6. h3 g6 7.
Nf3 Bg7 8. O-O O-O 9. Re1 Bd7 10. Bf4 Qc8 11. Nbd2 Bf5 12. Bf1 Re8 13. Ne5 Nh5 14. Bh2 Nxe5 15. dxe5 Bd7 16. g4 Bxe5 17. Bxe5 Nf6 18.
Bg2 1-0

[Event "Late-Titled-Tuesday-Blitz-July-09-2024"]
[Site "Chess.com"]
[Date "2024.07.09"]
[Round "6"]
[White "flaviorcb"]
[Black "Brown_Mamba24"]
[Result "0-1"]
[WhiteElo "2202"]
[BlackElo "2521"]
[TimeControl "180+1"]
[EndTime "15:02:18 PDT"]
[Termination "Brown_Mamba24 won by resignation"]

1. d4 c5 2. d5 e5 3. e4 d6 4. Nc3 a6 5. a4 Be7 6. Nf3 Bg4 7.
Be2 Bxf3 8. Bxf3 Bg5 9. O-O Nh6 10. a5 O-O 11. Be2 Nd7 12. f4 exf4 13. Bxf4 Bxf4 14.
Rxf4 Qg5 15. Qf1 Ne5 16. Qf2 Rfe8 17. Rf1 Re7 18. Nd1 Ng6 19. h4 Qxf4 20. Qxf4 Nxf4 21. Rxf4 f5 22. Bd3 c4 23. Bxc4 Rxe4 24. Rxe4 fxe4 25.
Ne3 Rc8 26. b3 Rc5 27. b4 Rc7 28. Bb3 Rc3 29. Kf2 Kf7 30. g4 g6 31. Ke2 Ke7 32. Kd2 Rc8 33. Ke2 Rf8 34. c4 Rf3 35. b5 Nxg4 36.
Nxg4 Rxb3 37. bxa6 bxa6 0-1

[Event "Late-Titled-Tuesday-Blitz-July-09-2024"]
[Site "Chess.com"]
[Date "2024.07.09"]
[Round "6"]
[White "Kowarenai"]
[Black "Jospem"]
[Result "0-1"]
[WhiteElo "2564"]
[BlackElo "3092"]
[TimeControl "180+1"]
[EndTime "15:02:19 PDT"]
[Termination "Jospem won by resignation"]

1. c4 c5 2. Nf3 Nc6 3. d4 cxd4 4. Nxd4 g6 5. Nxc6 bxc6 6. Nc3 Bg7 7. Qc2 Nf6 8. g3 O-O 9. Bg2 Ba6 10. b3 d5 11. cxd5 cxd5 12. Bb2 Rc8 13. Qd2 d4 14. Ne4 Nxe4 15. Bxe4 e5 16. O-O Qd7 17. Rac1 f5 18. Bg2 e4 19. Rfd1 Rfd8 20. Rxc8 Rxc8 21. h4 h5 22. Rc1 Rxc1+ 23. Bxc1 Kh7 24. Bb2 Qd6 25. Bf1 e3 26. Qe1 exf2+ 27. Qxf2 Be5 28. Kg2 Bb7+ 29.
Kh3 f4 0-1

[Event "Late-Titled-Tuesday-Blitz-July-09-2024"]
[Site "Chess.com"]
[Date "2024.07.09"]
[Round "6"]
[White "IndianSchoolOfSuffering"]
[Black "talaicito"]
[Result "0-1"]
[WhiteElo "2425"]
[BlackElo "2326"]
[TimeControl "180+1"]
[EndTime "15:02:21 PDT"]
[Termination "talaicito won by resignation"]

1. e4 c5 2. Nc3 Nc6 3. g3 e6 4. Bg2 h5 5. h3 Nf6 6. f4 d5 7. d3 dxe4 8. Nxe4 Nxe4 9. Bxe4 Bd6 10. Nf3 Bd7 11. Nd2 Bxf4 12. gxf4 Qh4+ 13. Kf1 Qxf4+ 14.
Qf3 Qc7 15. Nc4 f5 16. Bf4 fxe4 17. Qxe4 O-O 0-1

[Event "Late-Titled-Tuesday-Blitz-July-09-2024"]
[Site "Chess.com"]
[Date "2024.07.09"]
[Round "6"]
[White "ValeriyGrinev"]
[Black "VitorBronson"]
[Result "1-0"]
[WhiteElo "2683"]
[BlackElo "2516"]
[TimeControl "180+1"]
[EndTime "15:02:22 PDT"]
[Termination "ValeriyGrinev won by resignation"]

1. d4 Nf6 2. c4 g6 3. Nc3 Bg7 4. e4 O-O 5. Be2 d6 6. Nf3 e5 7. O-O Bg4 8. d5 a5 9. Ne1 Bd7 10. Be3 Na6 11. Nd3 b6 12. a3 Ne8 13. b4 axb4 14.
axb4 f5 15. f3 f4 16. Bf2 Nf6 17. c5 bxc5 18. bxc5 g5 19. c6 Bc8 20. Nb4 Nxb4 21. Rxa8 Qe8 22. Qb3 Qg6 23. Qxb4 g4 24. fxg4 Nxg4 25.
Bxg4 Qxg4 26. h3 Qg6 27. Kh2 f3 28. Bg3 fxg2 29. Rxf8+ Bxf8 30. Qb1 Kg7 31. Rxc8 1-0

[Event "Late-Titled-Tuesday-Blitz-July-09-2024"]
[Site "Chess.com"]
[Date "2024.07.09"]
[Round "6"]
[White "bob1263"]
[Black "CarlosjPineror"]
[Result "1-0"]
[WhiteElo "2535"]
[BlackElo "2668"]
[TimeControl "180+1"]
[EndTime "15:02:24 PDT"]
[Termination "bob1263 won by resignation"]

1. d4 Nf6 2. c4 d6 3. Nc3 e5 4. Nf3 e4 5. Ng5 Qd7 6. Ngxe4 Be7 7. g3 O-O 8. Bg2 Ne8 9. O-O f5 10. Ng5 c6 11. d5 c5 12. Ne6 Rf7 13. e4 fxe4 14.
Nxe4 h6 15. Bh3 Nc7 16. N6g5 Qxh3 17. Nxh3 Bxh3 18. Qh5 Bxf1 19. Kxf1 Nd7 20. Bf4 Raf8 21. Kg1 Nf6 22. Nxf6+ Rxf6 23. Re1 R8f7 24. Re2 Kf8 25.
b3 Ne8 26. Bd2 b6 27. Kg2 Rf5 28. Qg4 Nc7 29. h4 Ne8 30. Bc3 h5 31. Qg6 Rf3 32.
Qxh5 R7f5 33. Qxf3 Rxf3 34. Kxf3 Kf7 35. Kg2 Bd8 36. Kh3 a6 37. g4 Nc7 38. g5 b5 39.
Kg4 Na8 40. h5 Nb6 41. g6+ Kf8 42. h6 gxh6 43. g7+ Kf7 44. Re8 1-0

[Event "Late-Titled-Tuesday-Blitz-July-09-2024"]
[Site "Chess.com"]
[Date "2024.07.09"]
[Round "6"]
[White "ArtemDyachuk"]
[Black "i_like_explosions"]
[Result "0-1"]
[WhiteElo "2677"]
[BlackElo "2551"]
[TimeControl "180+1"]
[EndTime "15:02:26 PDT"]
[Termination "i_like_explosions won on time"]

1. e4 c5 2. Nf3 Nc6 3. Bb5 e6 4.
Bxc6 bxc6 5. b3 Qc7 6. O-O Ne7 7. d4 cxd4 8. Nxd4 e5 9. Nf3 Ng6 10. c4 Be7 11. Nc3 O-O 12. Bg5 Bxg5 13. Nxg5 d6 14. Qd2 h6 15. Nf3 f5 16. Rad1 Rf6 17. c5 dxc5 18. Qd8+ Qxd8 19. Rxd8+ Rf8 20. Rfd1 fxe4 0-1

[Event "Late-Titled-Tuesday-Blitz-July-09-2024"]
[Site "Chess.com"]
[Date "2024.07.09"]
[Round "6"]
[White "Mops_2004"]
[Black "fugadelafuga"]
[Result "1-0"]
[WhiteElo "2743"]
[BlackElo "2451"]
[TimeControl "180+1"]
[EndTime "15:02:27 PDT"]
[Termination "Mops_2004 won by resignation"]

1. f4 c5 2. Nf3 Nc6 3. g3 g6 4.
Bg2 Bg7 5. O-O d6 6. d3 e6 7. e4 Nge7 8. c3 O-O 9. Be3 b6 10. Re1 Bb7 11. Bf2 Rc8 12. a4 a6 13. Na3 d5 14. e5 Qd7 15. d4 cxd4 16. Nxd4 Nxd4 17.
Bxd4 Rc6 18. Nc2 Nf5 19. Bf2 a5 20. g4 Ne7 21. Nd4 Rcc8 22. Nb5 Qc6 23. Na7 Qc4 24. Nxc8 Rxc8 25. Qd4 Qxd4 26. Bxd4 Ba6 27. Bf1 Bxf1 28. Kxf1 Rb8 29. Ke2 Bf8 30. Kd3 Nc6 31. f5 Bc5 32.
fxe6 fxe6 33. Rf1 Rb7 34. Rf6 Nd8 35. Raf1 Be7 36. R6f2 Bh4 37. Rf8+ 1-0

[Event "Late-Titled-Tuesday-Blitz-July-09-2024"]
[Site "Chess.com"]
[Date "2024.07.09"]
[Round "6"]
[White "AlexTruskavetsky"]
[Black "Vladimir_Zakhartsov"]
[Result "0-1"]
[WhiteElo "2701"]
[BlackElo "2904"]
[TimeControl "180+1"]
[EndTime "15:02:32 PDT"]
[Termination "Vladimir_Zakhartsov won by resignation"]

1. d4 Nf6 2. c4 e6 3. Nc3 c5 4. d5 exd5 5. cxd5 d6 6. e4 g6 7.
f4 Bg7 8. Bb5+ Nfd7 9. a4 O-O 10. Nf3 Na6 11. O-O Nb4 12. Nd2 f5 13. exf5 gxf5 14.
Nf3 Nf6 15. Re1 a6 16. Bc4 Re8 17. Ng5 Rxe1+ 18. Qxe1 Nc2 19. Qh4 Nxa1 20. Ne6 Bxe6 21. dxe6 d5 22. Nxd5 Nxd5 23. e7 Qd7 24. Qh5 Qxe7 25.
Bxd5+ Kh8 26. Bd2 Rd8 27. Qxf5 Qd7 28. Be6 Qxd2 29. h3 Rf8 30. Qe4 Qc1+ 0-1

[Event "Late-Titled-Tuesday-Blitz-July-09-2024"]
[Site "Chess.com"]
[Date "2024.07.09"]
[Round "6"]
[White "ChessBrainiacOnTwitch"]
[Black "HATilay"]
[Result "1-0"]
[WhiteElo "2809"]
[BlackElo "2570"]
[TimeControl "180+1"]
[EndTime "15:02:33 PDT"]
[Termination "ChessBrainiacOnTwitch won by resignation"]

1. e4 c5 2. Nf3 d6 3. d4 cxd4 4.
Nxd4 Nf6 5. Nc3 a6 6. Bg5 Nbd7 7. Bc4 Qb6 8. Bb3 e6 9. Qd2 Be7 10. O-O-O Nc5 11. f3 h6 12. Be3 Qc7 13. g4 Bd7 14. h4 O-O-O 15. g5 hxg5 16. hxg5 Nh5 17. Rhg1 g6 18.
Kb1 Kb8 19. f4 Nxb3 20. Nxb3 Rc8 21. f5 Rhd8 22. f6 Bf8 23. Qf2 Qc4 24. Ba7+ Ka8 25.
Bb6 Re8 26. Na5 Qb4 27. a3 1-0

[Event "Late-Titled-Tuesday-Blitz-July-09-2024"]
[Site "Chess.com"]
[Date "2024.07.09"]
[Round "6"]
[White "NovakRatko"]
[Black "ninjatrick"]
[Result "0-1"]
[WhiteElo "2356"]
[BlackElo "2493"]
[TimeControl "180+1"]
[EndTime "15:02:35 PDT"]
[Termination "ninjatrick won by resignation"]

1. d4 d5 2. c4 e6 3. cxd5 exd5 4. Nc3 c6 5. f3 Bd6 6. g3 Ne7 7. e4 dxe4 8. fxe4 O-O 9. e5 Bb4 10. a3 Bxc3+ 11. bxc3 Bf5 12. Nf3 Nd5 13. c4 Nc3 14.
Qb3 Ne4 15. Bd3 Nc5 16. Qc2 Nxd3+ 17. Kf1 Nd7 18. Nh4 Be4 19. Rg1 Qb6 20. Be3 N7xe5 21. c5 Ng4 22. Bd2 Qa6 23. Qc3 Nf4+ 0-1

[Event "Late-Titled-Tuesday-Blitz-July-09-2024"]
[Site "Chess.com"]
[Date "2024.07.09"]
[Round "6"]
[White "Juliana_Figueira"]
[Black "jcmesafischer"]
[Result "0-1"]
[WhiteElo "2012"]
[BlackElo "2343"]
[TimeControl "180+1"]
[EndTime "15:02:37 PDT"]
[Termination "jcmesafischer won by resignation"]

1. d4 Nf6 2. c4 e6 3. g3 d5 4. Bg2 Be7 5. Nf3 O-O 6. O-O dxc4 7. Nbd2 b5 8. a4 c6 9. axb5 cxb5 10.
Ne5 Nd5 11. e4 Nb4 12. Ndf3 Bb7 13. Bd2 N8c6 14. Bc3 Nxe5 15. Nxe5 Nc6 16. b3 b4 17.
Nxc6 Bxc6 18. d5 bxc3 19. dxc6 Qxd1 20. Rfxd1 cxb3 21. e5 c2 22. Rd2 b2 23. Rf1 c1=Q 0-1

[Event "Late-Titled-Tuesday-Blitz-July-09-2024"]
[Site "Chess.com"]
[Date "2024.07.09"]
[Round "6"]
[White "Love7Unicorn"]
[Black "mishanick"]
[Result "0-1"]
[WhiteElo "2597"]
[BlackElo "3086"]
[TimeControl "180+1"]
[EndTime "15:02:41 PDT"]
[Termination "mishanick won on time"]

1. d4 d5 2. c4 e6 3. g3 Nf6 4. Bg2 Bb4+ 5. Nd2 Nc6 6. e3 O-O 7. Ne2 e5 8. cxd5 Nxd5 9. e4 Nf6 10.
d5 Ne7 11. Nc3 c6 12. dxc6 Nxc6 13. O-O Bxc3 14. bxc3 Be6 15. a4 Qd3 16. Qf3 Rfd8 17. Rb1 b6 18. Re1 Qc2 19. Bf1 Rac8 20. Bb5 Na5 21. Rb2 Qxc3 22. Qxc3 Rxc3 23. Nf1 Nxe4 24. Rxe4 Rxc1 0-1

[Event "Late-Titled-Tuesday-Blitz-July-09-2024"]
[Site "Chess.com"]
[Date "2024.07.09"]
[Round "6"]
[White "Gzucaritas"]
[Black "sari07"]
[Result "1-0"]
[WhiteElo "2077"]
[BlackElo "2366"]
[TimeControl "180+1"]
[EndTime "15:02:41 PDT"]
[Termination "Gzucaritas won by resignation"]

1. e4 Nf6 2. e5 Nd5 3. d4 d6 4. c4 Nb6 5. exd6 exd6 6. Bd3 Nc6 7. Ne2 Be7 8. b3 O-O 9. Bb2 Re8 10. O-O Bf6 11. Qc2 Nb4 12. Qd2 Nxd3 13. Qxd3 c5 14.
Nd2 d5 15. Rad1 Bg4 16. f3 Bh5 17. Nf4 Bg6 18. Nxg6 hxg6 19. cxd5 cxd4 20. Ne4 Qxd5 21. Nxf6+ gxf6 22. Qxd4 Re2 23. Qxf6 Qc5+ 24. Bd4 1-0

[Event "Late-Titled-Tuesday-Blitz-July-09-2024"]
[Site "Chess.com"]
[Date "2024.07.09"]
[Round "6"]
[White "vova-79"]
[Black "VirtualCoach"]
[Result "1-0"]
[WhiteElo "2483"]
[BlackElo "2309"]
[TimeControl "180+1"]
[EndTime "15:02:49 PDT"]
[Termination "vova-79 won by resignation"]

1. d4 Nf6 2. c4 e6 3. g3 d5 4. Nf3 Bb4+ 5. Bd2 Bd6 6. Nc3 c6 7. Qc2 O-O 8. Bg2 Nbd7 9. e4 dxe4 10. Nxe4 Nxe4 11. Qxe4 Nf6 12. Qc2 Re8 13. O-O Bc7 14.
Bc3 Qe7 15. Rfe1 Bd7 16. Rad1 Rad8 17. d5 cxd5 18. cxd5 Bc8 19. dxe6 Bxe6 20. Ng5 Rxd1 21. Rxd1 h6 22. Nxe6 Qxe6 23. Bxf6 Qxf6 24. Qxc7 Qxb2 25. Bd5 Qf6 26. Qxb7 Re2 27. Rf1 g5 28. Qxa7 Kg7 29.
Bb3 h5 30. Qa4 h4 31. Qg4 Rd2 32. gxh4 Rd4 33. Qxg5+ 1-0

[Event "Late-Titled-Tuesday-Blitz-July-09-2024"]
[Site "Chess.com"]
[Date "2024.07.09"]
[Round "6"]
[White "cthake"]
[Black "Vaporwaffle94"]
[Result "0-1"]
[WhiteElo "1827"]
[BlackElo "2279"]
[TimeControl "180+1"]
[EndTime "15:02:53 PDT"]
[Termination "Vaporwaffle94 won by resignation"]

1. e4 e6 2. d4 d5 3. exd5 exd5 4. Nf3 Bd6 5. Bd3 Ne7 6. O-O Bf5 7. Re1 Bxd3 8.
Qxd3 O-O 9. Bg5 f6 10. Bh4 Ng6 11. Bg3 Nf4 12. Bxf4 Bxf4 13. Nbd2 c6 14. Nf1 Bc7 15. Qf5 Qd7 16. Qxd7 Nxd7 17. Re7 Rad8 18. c3 Bd6 19. Re2 Rfe8 20. Rae1 Kf7 21. Ng3 g6 22. Rxe8 Rxe8 23.
Rxe8 Kxe8 24. Kf1 h5 25. Nh4 Kf7 26. Ke2 f5 27. Nf3 Kf6 28. Nf1 g5 29. g3 b5 30.
N1d2 f4 31. Ne1 Kf5 32. Nd3 Kg4 33. Nf1 f3+ 34. Kd2 Kh3 35. Nb4 Bxb4 36. cxb4 Kg2 37.
Ke1 Nf6 38. h4 g4 39. Ne3+ Kg1 40. Nf5 Ne4 41. Ne7 Nxf2 42. Nxc6 Nd3+ 43. Kd2 f2 44.
Kxd3 f1=Q+ 45. Ke3 Qf3+ 0-1

[Event "Late-Titled-Tuesday-Blitz-July-09-2024"]
[Site "Chess.com"]
[Date "2024.07.09"]
[Round "6"]
[White "GilbertoHernandezAmura"]
[Black "karinachess1"]
[Result "0-1"]
[WhiteElo "2511"]
[BlackElo "2672"]
[TimeControl "180+1"]
[EndTime "15:02:55 PDT"]
[Termination "karinachess1 won by resignation"]

1. e4 e5 2. Nf3 Nc6 3. Bc4 Nf6 4. d3 h6 5. c3 d6 6. a4 g5 7. Na3 Bg7 8. b4 O-O 9. O-O d5 10. exd5 Nxd5 11. Re1 Nxc3 12. Qb3 e4 13. dxe4 Ne2+ 14. Bxe2 Bxa1 15. Bxg5 hxg5 16. Rxa1 Nd4 17. Qe3 Nxf3+ 18. Bxf3 Qe7 19. Nb5 c6 20. Nd4 Re8 21. Rc1 g4 22.
Be2 Qxe4 23. Qg5+ Qg6 24. Qh4 Kg7 25. Rc5 f6 26. Qg3 Qb1+ 27. Rc1 Qxc1+ 0-1

[Event "Late-Titled-Tuesday-Blitz-July-09-2024"]
[Site "Chess.com"]
[Date "2024.07.09"]
[Round "6"]
[White "temus_galaktionov"]
[Black "DanielNaroditsky"]
[Result "0-1"]
[WhiteElo "2832"]
[BlackElo "3092"]
[TimeControl "180+1"]
[EndTime "15:03:11 PDT"]
[Termination "DanielNaroditsky won by resignation"]

1. d4 Nf6 2. c4 g6 3. Nf3 Bg7 4. Nc3 d6 5. e4 O-O 6. Be2 Na6 7. O-O e5 8. Be3 Qe7 9. dxe5 dxe5 10. Nd5 Qd8 11.
Qc2 Ng4 12. Bd2 c6 13. Ne3 Nxe3 14.
Bxe3 c5 15. Rfd1 Qe7 16. a3 b6 17. Qa4 Nc7 18. b4 Ne6 19. bxc5 bxc5 20. Rab1 Nd4 21. Nxd4 exd4 22. Bf4 Bd7 23. Qc2 Bc6 24. Bf3 g5 25.
Bg3 Rfe8 26. Re1 f5 27. Bh5 f4 28. Bxe8 Rxe8 29. f3 fxg3 30. hxg3 Be5 31. g4 Qf6 32. Kf2 Qf4 33. Rh1 d3 34. Qxd3 Bxe4 35. Qe2 Bxb1 36. Kf1 Qc1+ 37. Qe1 Bd3+ 0-1

[Event "Late-Titled-Tuesday-Blitz-July-09-2024"]
[Site "Chess.com"]
[Date "2024.07.09"]
[Round "6"]
[White "leotobares"]
[Black "Happy1712Drummer"]
[Result "0-1"]
[WhiteElo "2304"]
[BlackElo "2439"]
[TimeControl "180+1"]
[EndTime "15:03:12 PDT"]
[Termination "Happy1712Drummer won by resignation"]

1. Nf3 Nf6 2. g3 g6 3. Bg2 Bg7 4. O-O O-O 5. c4 c6 6. b3 d5 7. Bb2 a5 8. Na3 a4 9. b4 Be6 10. d3 Na6 11. Qxa4 Qb6 12. Nc2 dxc4 13. Bd4 Qd8 14.
dxc4 Bxc4 15. Rfe1 Nc7 16. Ba7 Nb5 17. Rad1 Rxa7 18.
Qxa7 Nxa7 19. Rxd8 Rxd8 20. Ne3 Be6 21. Ng5 Bc8 22. a4 Ng4 23. Nc4 Bc3 24. Rb1 Rd4 25.
Nb6 Rxb4 26. Rxb4 Bxb4 27. Bh3 f5 28. Nxc8 Nxc8 29. f3 Bc5+ 30. Kg2 Nf2 0-1

[Event "Late-Titled-Tuesday-Blitz-July-09-2024"]
[Site "Chess.com"]
[Date "2024.07.09"]
[Round "6"]
[White "BogdanDeac"]
[Black "mac0504"]
[Result "1-0"]
[WhiteElo "2968"]
[BlackElo "2765"]
[TimeControl "180+1"]
[EndTime "15:03:14 PDT"]
[Termination "BogdanDeac won by resignation"]

1. Nf3 Nc6 2. d4 e6 3. c4 Bb4+ 4. Bd2 Bxd2+ 5. Qxd2 d6 6. Nc3 Nf6 7. g3 O-O 8. Bg2 Qe7 9. O-O e5 10. dxe5 Nxe5 11. b3 c6 12. Rad1 Rd8 13. Nd4 h6 14. f4 Ng6 15. e4 Bd7 16. h3 a6 17.
Rfe1 c5 18. Nf5 Qf8 19. Nxd6 Bc6 20. e5 Bxg2 21. Qxg2 Ne8 22. Nxb7 Rxd1 23. Rxd1 Ra7 24. Na4 Qe7 25. Naxc5 Nf8 26. Qc6 h5 27. h4 a5 28. Rd8 Nc7 29. Qd6 Qxd6 30. exd6 Na6 31. d7 1-0

[Event "Late-Titled-Tuesday-Blitz-July-09-2024"]
[Site "Chess.com"]
[Date "2024.07.09"]
[Round "6"]
[White "shirovin"]
[Black "noblerone"]
[Result "0-1"]
[WhiteElo "2090"]
[BlackElo "2469"]
[TimeControl "180+1"]
[EndTime "15:03:15 PDT"]
[Termination "noblerone won by resignation"]

1. e4 c5 2. Nf3 e6 3. d4 cxd4 4. Nxd4 Qb6 5. Nc3 Bc5 6. Be3 Nc6 7. Na4 Qa5+ 8. c3 Bxd4 9. Bxd4 Nxd4 10. Qxd4 e5 11.
Qb4 Qxb4 12. cxb4 Nf6 13. f3 d5 14. exd5 Nxd5 15. a3 b6 16. O-O-O Be6 17. Bb5+ Ke7 18. Kb1 Rac8 19. Rc1 Ne3 20. g3 Nf5 21. Ba6 Rcd8 22.
Rc7+ Rd7 23. Rhc1 Nd4 24. Bb7 Bf5+ 25. Ka1 Nb3+ 26. Ka2 Nxc1+ 0-1

[Event "Late-Titled-Tuesday-Blitz-July-09-2024"]
[Site "Chess.com"]
[Date "2024.07.09"]
[Round "6"]
[White "Good_Knight_Kiss"]
[Black "Antek_Radzimski"]
[Result "0-1"]
[WhiteElo "2387"]
[BlackElo "2559"]
[TimeControl "180+1"]
[EndTime "15:03:16 PDT"]
[Termination "Antek_Radzimski won by resignation"]

1. e4 e5 2. Nf3 Nc6 3. Bb5 a6 4. Ba4 d6 5. O-O Nf6 6. Re1 g6 7. c3 Bd7 8. d4 Bg7 9. d5 Ne7 10. Bxd7+ Nxd7 11. c4 O-O 12. Nc3 h6 13. b4 a5 14.
bxa5 Rxa5 15. Nd2 f5 16. Nb3 Ra8 17. f3 f4 18. a4 g5 19. c5 Nxc5 20. Nxc5 dxc5 21.
Qb3 Kh7 22. Qxb7 Rb8 23. Qa6 g4 24. fxg4 Ng6 25. Ba3 f3 26. Bxc5 Rf6 27. Qc4 fxg2 28. Ra2 Nh4 29. Rxg2 Nf3+ 30. Kf2 Nd2+ 0-1

[Event "Late-Titled-Tuesday-Blitz-July-09-2024"]
[Site "Chess.com"]
[Date "2024.07.09"]
[Round "6"]
[White "WilsonPalencia21"]
[Black "anderson2361"]
[Result "0-1"]
[WhiteElo "2565"]
[BlackElo "2266"]
[TimeControl "180+1"]
[EndTime "15:03:19 PDT"]
[Termination "anderson2361 won on time"]

1. d4 d5 2. c4 e6 3. Nf3 Nf6 4. Nc3 a6 5. cxd5 exd5 6. Bg5 Be7 7. e3 O-O 8. Bd3 Be6 9. O-O Nbd7 10.
Qc2 c6 11. Bf4 h6 12. h3 Nb6 13. a3 Bd6 14. Rfe1 Qc7 15. Bxd6 Qxd6 16. Ne5 Nbd7 17. f4 c5 18. f5 c4 19. Bf1 Nxe5 20. dxe5 Qxe5 21.
fxe6 fxe6 22. Qd2 b5 23. Rad1 Rad8 24. Qc2 Qg5 25. e4 d4 26. e5 Nh5 27. Ne4 Qxe5 28. Nf2 Qf6 29. Ng4 Qg5 30. Qe2 Nf4 31. Qe4 h5 32. Ne5 Nxh3+ 33. Kh2 Nf2 0-1

[Event "Late-Titled-Tuesday-Blitz-July-09-2024"]
[Site "Chess.com"]
[Date "2024.07.09"]
[Round "6"]
[White "pinelone"]
[Black "RantomOpening"]
[Result "0-1"]
[WhiteElo "2387"]
[BlackElo "2586"]
[TimeControl "180+1"]
[EndTime "15:03:21 PDT"]
[Termination "RantomOpening won on time"]

1. Nf3 g6 2. e4 c5 3. d4 cxd4 4. Qxd4 f6 5. Bc4 Bg7 6. Nc3 Nc6 7.
Qd5 e6 8. Qd1 Nge7 9. Bf4 e5 10.
Be3 Na5 11. Bd5 d6 12. O-O Nac6 13. a3 Nxd5 14. Qxd5 Qe7 15. Nb5 Be6 16. Qxd6 Rd8 17. Nc7+ Kf7 18. Qxe7+ Kxe7 19. Nxe6 Kxe6 20. Rfd1 h6 21.
Kf1 f5 22. c3 a6 23. Ke2 Na5 24. Rxd8 Rxd8 25. Bb6 Nb3 26. Bxd8 Nxa1 27. Nd2 h5 28.
Bg5 fxe4 29. Nxe4 Nb3 30. Be3 Na5 31. Nc5+ Kd5 32. b3 Bf8 33. c4+ Kc6 34. Ne4 Nxb3 35.
Kd3 Bxa3 36. Kc3 Nc5 37. Bxc5 Bxc5 38. f3 b5 39. cxb5+ Kxb5 40. h3 a5 41. g4 h4 0-1

[Event "Late-Titled-Tuesday-Blitz-July-09-2024"]
[Site "Chess.com"]
[Date "2024.07.09"]
[Round "6"]
[White "1800_strength"]
[Black "glucolisis04"]
[Result "1-0"]
[WhiteElo "2753"]
[BlackElo "2262"]
[TimeControl "180+1"]
[EndTime "15:03:23 PDT"]
[Termination "1800_strength won by resignation"]

1. e4 c5 2. c3 d5 3. exd5 Qxd5 4. d4 Nf6 5. Nf3 Nc6 6. Be2 Bg4 7. O-O e6 8. Na3 cxd4 9. Nb5 Qd8 10. Bf4 Nd5 11.
Bg3 dxc3 12. bxc3 a6 13. c4 axb5 14. cxd5 Qxd5 15. Qxd5 exd5 16. Bxb5 Bxf3 17. gxf3 Ra5 18. a4 Be7 19. Rfe1 Kd7 20. Rad1 Bf6 21. Rxd5+ Kc8 22. Bxc6 Rxd5 23. Bxd5 Rd8 24. Bxf7 Rd4 25. Be6+ Kd8 26. Rc1 Rxa4 27. Bd6 Ra1 28. Rxa1 Bxa1 29. Kf1 h6 30. h4 b5 31. Ke2 Bf6 32. h5 1-0

[Event "Late-Titled-Tuesday-Blitz-July-09-2024"]
[Site "Chess.com"]
[Date "2024.07.09"]
[Round "6"]
[White "gamboajp"]
[Black "Matalon"]
[Result "1-0"]
[WhiteElo "2169"]
[BlackElo "2470"]
[TimeControl "180+1"]
[EndTime "15:03:24 PDT"]
[Termination "gamboajp won by resignation"]

1. c4 Nf6 2. Nc3 e6 3. e4 Bb4 4. e5 Bxc3 5. dxc3 Ne4 6. Qg4 d5 7. Qxg7 Rf8 8. Bh6 Ke7 9. Qxf8+ Qxf8 10. Bxf8+ Kxf8 11. Bd3 Nc5 12. Be2 dxc4 13. Bxc4 b6 14.
O-O-O Bb7 15. f3 Nbd7 16. Re1 a6 17. b4 Na4 18. Kc2 b5 19. Bd3 Bd5 20. a3 h6 21.
Be4 Bxe4+ 22. Rxe4 Ndb6 23. Rd4 Nd5 24. Ne2 Ne3+ 25.
Kd3 Nxg2 26. Rg1 c5 27. Re4 cxb4 28. axb4 Rd8+ 29. Kc2 1-0

[Event "Late-Titled-Tuesday-Blitz-July-09-2024"]
[Site "Chess.com"]
[Date "2024.07.09"]
[Round "6"]
[White "yujiarun18"]
[Black "ManMish2"]
[Result "0-1"]
[WhiteElo "2259"]
[BlackElo "2602"]
[TimeControl "180+1"]
[EndTime "15:03:25 PDT"]
[Termination "ManMish2 won by resignation"]

1. e4 e5 2. Nf3 Nc6 3. Bc4 Nf6 4. d3 Bc5 5. O-O d6 6. c3 a6 7. Bb3 Ba7 8. Nbd2 O-O 9. Re1 Ne7 10. d4 Ng6 11. Nf1 Bg4 12. Qd3 Bxf3 13. gxf3 Nh5 14. Ng3 Nhf4 15. Bxf4 Nxf4 16. Qd2 Qh4 17. Kh1 g6 18.
Rg1 Kh8 19. Rad1 Rad8 20. dxe5 dxe5 21. Qc2 Qf6 22. Nf1 Nh3 23. Rxd8 Rxd8 24. Rg3 Nxf2+ 25. Kg2 Nd3 26. Qe2 Nf4+ 0-1

[Event "Late-Titled-Tuesday-Blitz-July-09-2024"]
[Site "Chess.com"]
[Date "2024.07.09"]
[Round "6"]
[White "BillCoe"]
[Black "Road2GM3000"]
[Result "0-1"]
[WhiteElo "2084"]
[BlackElo "2383"]
[TimeControl "180+1"]
[EndTime "15:03:25 PDT"]
[Termination "Road2GM3000 won by resignation"]

1. e4 c5 2. Nf3 d6 3. d4 cxd4 4.
Nxd4 Nf6 5. Nc3 a6 6. h3 e6 7. g4 Be7 8. g5 Nfd7 9. h4 O-O 10.
Bg2 Nc6 11. Be3 Nxd4 12. Bxd4 b5 13. O-O Bb7 14. Qg4 Ne5 15. Bxe5 dxe5 16. Rad1 Qc7 17.
a3 Bxa3 18. Nxb5 axb5 19. bxa3 Rxa3 20. h5 Qxc2 21. g6 Qc7 22. gxh7+ Kxh7 23. Rd2 Rd8 24. Rfd1 Rxd2 25. Rxd2 Qc1+ 26. Rd1 Qf4 27. Qxf4 exf4 28. f3 b4 29. Rd7 Bc6 30. Rc7 b3 31. Rxf7 b2 32.
h6 b1=Q+ 33. Kh2 Kxh6 0-1

[Event "Late-Titled-Tuesday-Blitz-July-09-2024"]
[Site "Chess.com"]
[Date "2024.07.09"]
[Round "6"]
[White "mamey78"]
[Black "Seppppppy"]
[Result "1-0"]
[WhiteElo "2615"]
[BlackElo "2305"]
[TimeControl "180+1"]
[EndTime "15:03:36 PDT"]
[Termination "mamey78 won by resignation"]

1. e4 e5 2. Nf3 Nc6 3. Bb5 a6 4. Ba4 Bc5 5. O-O Nge7 6. Nxe5 Nxe5 7. d4 b5 8. Bb3 Bxd4 9. Qxd4 d6 10. c3 c5 11. Qe3 Bb7 12. f4 N5c6 13. Qg3 Qb6 14. Kh1 c4 15. Be3 Qc7 16. Bc2 g6 17. Nd2 O-O-O 18.
a4 f5 19. axb5 axb5 20. b3 d5 21. exd5 Nxd5 22. bxc4 Nxc3 23. cxb5 Nxb5 24. Nb3 Nb4 25. Bd1 Kb8 26. Nc5 Qc6 27. Bf3 Nd5 28. Rab1 Rhe8 29. Bg1 Kc7 30. Rfc1 1-0